[Event "German Bundesliga 2023-24"]
[Site "Germany"]
[Date "2024.02.23"]
[Round "9.29"]
[White "Dautov, Rustem"]
[Black "Maghsoodloo, Parham"]
[Result "1-0"]
[ECO "E60"]
[WhiteElo "2584"]
[BlackElo "2707"]
[Annotator "TA"]
[PlyCount "143"]
[EventDate "2023.10.20"]
[EventType "team-tourn"]
[EventCountry "GER"]
[SourceTitle "playchess.com"]
[Source "ChessBase"]
[SourceQuality "1"]
[TimeControl "40/6000+30:3000+30"]

1. d4 Nf6 2. c4 g6 3. Nf3 Bg7 4. g3 c5 5. Bg2 cxd4 6. Nxd4 {[%emt 0:02:55] E60: King's Indian: Unusual lines and Fianchetto Variation without Nc3.} h5 7. Nc3 Nc6 8. b3 $146 ({Predecessor:} 8. Nf3 d6 9. O-O Bd7 10. Bg5 Rc8 11. Rc1 Qa5 12. Qd2 Bf5 13. b3 Ne4 14. Nxe4 Bxe4 15. Qe3 Bxf3 16. Bxf3 {½-½ Goryachkina,A (2576)-Sarana,A (2668) EU-ch 23rd Vrnjacka Banja 2023 (3)}) 8... h4 9. Nxc6 bxc6 10. Bb2 Qa5 11. Qd2 Qf5 12. Qd3 Qxd3 13. exd3 h3 14. Bf3 Nh7 15. Rf1 Bb7 16. O-O-O O-O-O 17. Na4 Bxb2+ 18. Kxb2 e5 19. Bh1 d6 20. d4 Kc7 21. Rfe1 Bc8 22. c5 exd4 23. Re7+ Kb8 24. Bxc6 Ng5 25. Rxd4 dxc5 26. Rc4 Rd2+ 27. Ka3 Rxf2 28. Nxc5 a5 29. Ra4 Rf6 30. Bh1 Rf1 31. Bc6 Rf6 32. Bh1 Rf1 33. Bb7 Ne6 34. Rxa5 (34. Na6+ $142 Ka7 35. Bxc8+ Kb6 36. Bxe6) 34... Nc7 $18 35. Bxc8 Rxc8 36. Ra4 Rf5 (36... Nb5+ $142 37. Kb4 Nc7) 37. Rb4+ Ka8 38. Ra4+ Kb8 39. Ra5 $2 (39. Rc4 $18) 39... Rd8 $2 ({Better is} 39... Rf1 $11) 40. Rd7 $16 Re8 41. Rd4 Kc8 (41... Ne6 $16 42. Rb4+ Kc7 43. Ra7+ Kc6) 42. Rh4 $18 Kd8 43. Rxh3 Ree5 {[%emt 0:08:49] [#]} 44. Nb7+ $1 Kd7 45. Rxe5 Rxe5 46. Ka4 Nd5 47. Rh7 Rf5 (47... Nc3+ {was called for.} 48. Kb4 Nxa2+ 49. Ka3 Nc3 50. Rxf7+ Kc6 51. Nd8+ Kd5) 48. Nc5+ $18 Kd6 49. Ne4+ Ke5 50. Nc5 Kd6 $1 51. Nd3 Nc3+ 52. Ka3 Rf3 53. Rh8 $1 Kc7 54. Ne5 Rf2 55. b4 Kd6 56. Nd3 Rd2 57. Nb2 Rf2 58. Kb3 Ne4 59. Nc4+ Kc6 60. a3 g5 61. Re8 f5 62. Re5 g4 (62... Kc7 $142 63. b5 g4 64. b6+ Kc8) 63. b5+ $18 Kd7 64. Kb4 Rxh2 65. Rxf5 Rh1 66. Rf4 Rb1+ 67. Ka5 Nxg3 68. Rxg4 Nf5 69. a4 Ne7 70. Ka6 Kc7 71. Nb6 (71. Rg7 $142 Kd8 72. b6) 71... Kb8 72. Rd4 1-0

[Event "German Bundesliga 2023-24"]
[Site "Germany"]
[Date "2024.02.23"]
[Round "9.30"]
[White "Anton Guijarro, David"]
[Black "Kozak, Adam"]
[Result "1/2-1/2"]
[ECO "E11"]
[WhiteElo "2653"]
[BlackElo "2600"]
[Annotator "TA"]
[PlyCount "51"]
[EventDate "2023.10.20"]
[EventType "team-tourn"]
[EventCountry "GER"]
[SourceTitle "playchess.com"]
[Source "ChessBase"]
[SourceQuality "1"]
[TimeControl "40/6000+30:3000+30"]

1. d4 Nf6 2. Nf3 e6 3. c4 Bb4+ 4. Bd2 Bxd2+ 5. Qxd2 d5 6. cxd5 exd5 7. Qf4 O-O 8. Nc3 c6 9. e3 Re8 10. h3 Nbd7 11. Bd3 Nf8 12. O-O-O Ng6 {[%emt 0:09:37] The position is equal.} 13. Qg3 Ne7 14. Ne5 Bf5 15. Ng4 Nxg4 16. hxg4 Bxd3 17. Rxd3 Ng6 18. Rh5 f6 19. Rd1 h6 20. Qf3 Nh8 21. Ne2 Nf7 22. Qf5 Qe7 23. Ng3 Qe6 24. Rh4 (24. Qg6 $5 Nh8 $8 25. Qf5 $11) 24... Qxf5 25. Nxf5 Kf8 26. Rhh1 {[%emt 0:06:47] A rather calm draw.   Weighted Error Value: White=0.06 (flawless) /Black=0.05 (flawless) .  Inaccurate:     	White=1     	---        OK:         	White=7     	Black=8} 1/2-1/2

[Event "German Bundesliga 2023-24"]
[Site "Germany"]
[Date "2024.02.23"]
[Round "9.31"]
[White "Heimann, Andreas"]
[Black "Kryvoruchko, Yuriy"]
[Result "1/2-1/2"]
[ECO "C79"]
[WhiteElo "2552"]
[BlackElo "2656"]
[Annotator "TA"]
[PlyCount "43"]
[EventDate "2023.10.20"]
[EventType "team-tourn"]
[EventCountry "GER"]
[SourceTitle "playchess.com"]
[Source "ChessBase"]
[SourceQuality "1"]
[TimeControl "40/6000+30:3000+30"]

1. e4 e5 2. Nf3 Nc6 3. Bb5 a6 4. Ba4 Nf6 5. O-O d6 6. Bxc6+ bxc6 7. d4 exd4 8. Nxd4 c5 9. Nc6 Qd7 10. Na5 Qa4 11. Nb3 (11. Bd2 $14) 11... Be7 (11... Nxe4 {feels stronger.} 12. Qf3 d5) 12. Nc3 $11 Qd7 13. Na5 O-O 14. b3 Re8 15. Qf3 {[%emt 0:06:36][%cal Oe4e5] [#] Threatens to win with e5!} Qg4 16. Qxg4 Nxg4 17. Nd5 Bd8 18. Nc6 {[%emt 0:00:05] With the idea Nxd8.} Bb7 {[%emt 0:01:48] The position is equal.} 19. Nxd8 Raxd8 20. f3 Bxd5 21. exd5 Ne3 22. Bxe3 {[%emt 0:00:10] Weighted Error Value: White=0.13 (very precise) /Black=0.10 (very precise) .  Mistake:       	White=1     	Black=1      OK:         	White=6     	Black=6      Best:        	White=1     	Black=1} 1/2-1/2

[Event "German Bundesliga 2023-24"]
[Site "Germany"]
[Date "2024.02.23"]
[Round "9.32"]
[White "Korobov, Anton"]
[Black "Kozul, Zdenko"]
[Result "1-0"]
[ECO "B58"]
[WhiteElo "2658"]
[BlackElo "2531"]
[Annotator "TA"]
[PlyCount "149"]
[EventDate "2023.10.20"]
[EventType "team-tourn"]
[EventCountry "GER"]
[SourceTitle "playchess.com"]
[Source "ChessBase"]
[SourceQuality "1"]
[TimeControl "40/6000+30:3000+30"]

1. e4 c5 2. Nf3 d6 3. d4 cxd4 4. Nxd4 Nf6 5. Nc3 Nc6 6. Be2 e5 7. Nf3 h6 8. O-O Be7 9. Re1 O-O 10. h3 Be6 11. Bf1 Nb8 12. b3 Nbd7 13. Bb2 a6 14. a4 Re8 15. Nd2 Rc8 16. Nc4 Rc6 17. a5 Bxc4 18. Bxc4 Qc7 19. Re3 Rc5 20. Bd5 Rxa5 21. Rxa5 Qxa5 22. Bxb7 Rb8 23. Bc6 Nb6 24. Na4 Nxa4 25. Bxa4 Qb6 26. Ba3 a5 27. Qe2 Qb7 28. Qe1 Qa8 29. Kh2 h5 30. f3 Qa7 31. Rd3 Rc8 32. c4 Qc7 33. Qd2 Rd8 34. h4 g6 35. g3 Kg7 36. Kg2 Kg8 37. Bb2 Ra8 38. Bc3 Qc5 39. Qf2 Qc7 40. Bb5 Kh7 41. Qa2 Ra7 42. Rd1 Kg8 43. Be1 Qb8 {[%emt 0:04:05] [#]} (43... Nd7 $16) 44. Bf2 $1 $18 (44. Bxa5 $2 d5 45. Qa4 (45. exd5 $2 Bb4 $19) 45... dxe4 $17) 44... Ra8 45. Qa4 Qc7 (45... Qf8 $142 46. Ra1 Qc8) 46. b4 $18 Bd8 47. Bc6 Rc8 48. b5 Kf8 49. Qa3 Be7 50. Qe3 Nd7 $2 {[%emt 0:00:34] [#]} (50... Kg7 51. Qb6 Bd8) 51. c5 (51. Qh6+ $142 $1 Kg8 52. Bd5) 51... Nf6 $18 52. cxd6 Bxd6 53. Qb6 Qxb6 54. Bxb6 Bc7 55. Bxc7 (55. Bc5+ $6 Kg7 56. Kf1 Bd8) 55... Rxc7 56. b6 (56. Ra1 Nd7 57. Rxa5 Ke7 $18) 56... Rc8 $2 (56... Rxc6 57. b7 Rc2+ 58. Kg1 Rb2 59. Rd8+ Ne8 (59... Kg7 $2 60. b8=Q $18)) 57. b7 $18 Rb8 58. Ra1 Ke7 59. Rxa5 Kd6 60. Ra8 Kc7 61. Kf2 Ng8 (61... Nh7 $142 62. Bd5 Nf8) 62. Bd5 $18 Ne7 63. Rxb8 Kxb8 64. Bxf7 Kxb7 65. g4 (65. Ke3 $142 Kc7 66. f4) 65... Kc7 66. g5 Kc6 67. Ke3 Kc5 68. Kd3 Kb4 69. Kd2 Kc5 70. Kc3 Kb5 71. Be6 Kc5 72. Bd7 Kd6 73. Ba4 Kc7 74. Kc4 Nc6 75. Kd5 1-0

[Event "German Bundesliga 2023-24"]
[Site "Germany"]
[Date "2024.02.23"]
[Round "9.33"]
[White "Tregubov, Pavel V."]
[Black "Warmerdam, Max"]
[Result "0-1"]
[ECO "B51"]
[WhiteElo "2567"]
[BlackElo "2636"]
[Annotator "TA"]
[PlyCount "84"]
[EventDate "2023.10.20"]
[EventType "team-tourn"]
[EventCountry "GER"]
[SourceTitle "playchess.com"]
[Source "ChessBase"]
[SourceQuality "1"]
[TimeControl "40/6000+30:3000+30"]

1. e4 c5 2. Nf3 d6 3. Bb5+ Nd7 4. Ba4 Ngf6 5. O-O g6 6. Re1 Bg7 7. c3 O-O 8. d4 {[%emt 0:00:10] White has an edge.} Qc7 9. Qe2 e6 10. Bb3 b5 11. e5 dxe5 12. dxe5 Nd5 13. Na3 a6 14. c4 bxc4 15. Nxc4 a5 16. a3 Ba6 17. Qe4 N5b6 18. Bf4 Rab8 19. Nfd2 Nxc4 (19... Nd5 $17 {Strongly threatening ...Nxf4.} 20. Bg3 Bxc4 21. Qxc4 Bxe5 (21... Nxe5 22. Qe2 $11)) 20. Bxc4 $15 Bb7 21. Qe3 Rfd8 22. Qg3 h6 {[%emt 0:06:12] ...g5 would now be deadly.} 23. h4 Nb6 {[%emt 0:01:30][%cal Od8d2] ...Rxd2! is the strong threat.} 24. Rac1 Rd4 $1 25. b3 {[%emt 0:14:03] [#]} (25. Ba2 $15) 25... Rbd8 {[%emt 0:05:06] Black is more active.} (25... Qd8 $1 $17 26. Nf3 Bxf3 27. Qxf3 Qxh4 (27... Nxc4 $2 28. bxc4 Qxh4 29. g3 $19)) 26. Nf3 Bxf3 27. Qxf3 a4 28. Bg3 {[%emt 0:02:18] White is on the road to losing.} Nxc4 29. bxc4 Qd7 30. Rc3 (30. Bf4 $142) 30... Rd1 $17 31. Rxd1 Qxd1+ 32. Qxd1 Rxd1+ {[%emt 0:00:06][%mdl 4096] Endgame. KRB-KRB} 33. Kh2 g5 34. hxg5 hxg5 35. Kh3 {[%emt 0:00:06] [#]} (35. f4 {is a better defense.}) 35... Kh7 $1 $19 36. f4 gxf4 37. Bxf4 Re1 38. Re3 Rc1 39. Re4 Rc3+ 40. g3 (40. Re3 $142 Rxc4 41. g3) 40... Bh6 41. Kg4 Rxa3 42. Re1 {[%emt 0:00:06] Threatens to win with Rh1.} Kg6 {[%emt 0:03:39] Weighted Error Value: White=0.22 (precise) /Black=0.08 (flawless) .  Mistake:       	White=4     	Black=2      Inaccurate:     	White=7     	---        OK:         	White=9     	Black=21     Strong:       	---       	Black=1} 0-1

[Event "German Bundesliga 2023-24"]
[Site "Germany"]
[Date "2024.02.23"]
[Round "9.34"]
[White "Ragger, Markus"]
[Black "Vrolijk, Liam"]
[Result "1/2-1/2"]
[ECO "C88"]
[WhiteElo "2615"]
[BlackElo "2569"]
[Annotator "TA"]
[PlyCount "63"]
[EventDate "2023.10.20"]
[EventType "team-tourn"]
[EventCountry "GER"]
[SourceTitle "playchess.com"]
[Source "ChessBase"]
[SourceQuality "1"]
[TimeControl "40/6000+30:3000+30"]

1. e4 e5 2. Nf3 Nc6 3. Bb5 a6 4. Ba4 Nf6 5. O-O Be7 6. Re1 b5 7. Bb3 O-O 8. a4 Rb8 9. axb5 axb5 10. h3 d6 11. c3 Bd7 12. d4 Ra8 13. Rxa8 Qxa8 {[%emt 0:00:08] White is slightly better.} 14. Na3 Qb7 15. Bg5 Rd8 16. Ba2 Be8 17. Nc2 b4 {[%emt 0:05:31] [#] Hoping for ...b3.} 18. Ne3 {[%emt 0:16:08] Nf5 is the strong threat.} Nxe4 19. Bxe7 Nxe7 20. Qc2 bxc3 21. bxc3 Qc6 (21... Nf6 $11 {keeps the balance.}) 22. dxe5 $16 Nxc3 $2 (22... dxe5 $16 23. Ng4 Nc5 (23... Nxc3 $2 24. Ngxe5 Qa4 25. Bb3 $18)) 23. Ng5 $18 g6 {[%emt 0:01:15] [#]} 24. Ng4 $2 ({White must play} 24. Bc4 $1 $18 h6 25. Qxc3 hxg5 26. e6) 24... Nxa2 $11 {[%emt 0:01:59] The position is equal.} 25. Qxa2 dxe5 26. Rxe5 {[%emt 0:02:52][%cal Oa2a1] Threatens to win with Qa1!} (26. Nh6+ Kg7 27. Nhxf7 (27. Ngxf7 $2 Ra8 $17) 27... Qd5 28. Qxd5 Rxd5 29. Nxe5 Bd7 $17) (26. Qb2 {simplifies} h5 27. Nh6+ Kg7 28. Nhxf7 Bxf7 29. Qxe5+ Qf6 30. Qxe7 Qxe7 31. Rxe7 Kf6 32. Rxf7+ Kxg5 33. Rxc7 Rd1+ 34. Kh2) 26... h5 $1 27. Nh6+ {[%emt 0:06:44] A dynamic duo of knights.} (27. Rxe7 $2 {too greedy.} Rd1+ (27... hxg4 28. Qa3 $17) 28. Kh2 Qd6+ (28... hxg4 29. Qa3 $11) 29. g3 Qxe7 $19) 27... Kg7 28. Nhxf7 Rd1+ $1 29. Kh2 Qf6 30. Qe2 $1 {[%emt 0:05:57][%csl LRd1,LRe7] Chess con chili.} Bxf7 31. Rxe7 Qxg5 32. Rxf7+ {[%emt 0:00:06] Weighted Error Value: White=0.28 (precise) /Black=0.31.  Loses game:     	---       	Black=1      Missed win:     	White=1     	---        Mistake:       	---       	Black=1      Inaccurate:     	White=1     	---        OK:         	White=9     	Black=6      Best:        	White=3     	Black=3      Strong:       	White=1     	Black=2} 1/2-1/2

[Event "German Bundesliga 2023-24"]
[Site "Germany"]
[Date "2024.02.23"]
[Round "9.35"]
[White "Beerdsen, Thomas"]
[Black "L'Ami, Erwin"]
[Result "0-1"]
[ECO "C54"]
[WhiteElo "2496"]
[BlackElo "2627"]
[Annotator "TA"]
[PlyCount "118"]
[EventDate "2023.10.20"]
[EventType "team-tourn"]
[EventCountry "GER"]
[SourceTitle "playchess.com"]
[Source "ChessBase"]
[SourceQuality "1"]
[TimeControl "40/6000+30:3000+30"]

1. e4 e5 2. Nf3 Nc6 3. Bc4 Bc5 4. c3 Nf6 5. d4 exd4 6. cxd4 Bb4+ 7. Nc3 Nxe4 8. O-O Bxc3 9. d5 Bf6 10. Re1 Ne7 11. Rxe4 d6 {[%emt 0:06:06] C54: Giuoco Piano: 4 c3 Nf6, main lines with 5 d4 and 5 d3.} 12. Rf4 Ng6 13. Re4+ Ne7 14. Rf4 Ng6 15. Re4+ Be7 16. h4 $146 ({Predecessor:} 16. Bg5 O-O 17. Bxe7 Nxe7 18. Qd4 Ng6 19. Re3 Bd7 20. h4 Re8 21. Rxe8+ Bxe8 22. h5 Nf8 23. h6 gxh6 24. Rc1 {½-½ Cleto,D (2288)-Larwinski,P (2285) FICGS W-ch st1 gM 01 email 2018 (1)}) 16... O-O 17. h5 Ne5 18. Nxe5 dxe5 19. h6 Qd6 20. hxg7 Re8 21. Qh5 Qg6 22. Rxe5 Qxh5 23. Rf5 {[%emt 0:00:12] [#]} Qg5 $2 (23... Qd1+ $3 {[%mdl 512] mates} 24. Bf1 Bxf5 25. b3 Qd4 (25... Kxg7 $2 26. Bb2+ Bf6 27. Bxf6+ Kxf6 28. Rxd1 $19) (25... Qxd5 $2 26. Be3 $19) 26. Rb1 Bxb1 27. b4 Qd1 (27... Kxg7 $2 28. Be3 $19) 28. Bf4 Bxb4 (28... Qxd5 $2 29. a4 $19) 29. Kh2) 24. Rxg5 $17 {[%emt 0:00:30] [#]} Bg4 $2 (24... Bxg5 $1 $15 {stays ahead.} 25. Bxg5 Kxg7) 25. Re5 $2 (25. Rxg4 $18 h5 26. Re4) 25... Bf6 $11 26. Rxe8+ Rxe8 27. Be3 Bf5 (27... b6 $1 $15) 28. Rd1 $11 Bxb2 29. Bxa7 Kxg7 30. Be3 Be5 31. Bb3 Bd6 32. Rc1 b6 33. Rc4 Re4 34. Rc3 Kg6 35. Rc6 f6 36. Kf1 Rh4 37. Ke2 Bd7 38. Rc1 h5 39. g3 Rh2 40. Kd3 h4 41. gxh4 Rxh4 42. Kd2 Bf5 43. Rc6 Be5 44. Rc1 Bd6 45. Rc6 Bd7 46. Rc1 Bb5 47. Kc3 Be5+ 48. Kd2 Kg7 49. Rg1+ Kf8 50. Rg6 Ke7 51. Bg5 $2 {[%emt 0:00:00][%mdl 8192] [#]} (51. Rh6 $15 Rb4 52. Kc1) 51... Rd4+ $1 $19 ({Stronger than} 51... fxg5 52. Re6+ Kd8 53. Rxe5 $11) 52. Ke3 Kf7 (52... fxg5 53. Re6+ Kd7 54. Rxe5 Rd3+ 55. Ke4 $11) 53. Bxf6 Rd3+ ({Not} 53... Kxg6 54. Bxe5 Rd3+ 55. Ke4 $11) 54. Ke4 Bxf6 ({Worse is} 54... Kxg6 55. Bxe5 Rd2 56. Bxc7 $14) 55. Rg1 Rd4+ 56. Ke3 Ke7 57. Rh1 Rh4 58. Rg1 Bd4+ 59. Kf3 Rh3+ 0-1

[Event "German Bundesliga 2023-24"]
[Site "Germany"]
[Date "2024.02.23"]
[Round "9.36"]
[White "Andersen, Mads"]
[Black "Feygin, Michael"]
[Result "1-0"]
[ECO "C05"]
[WhiteElo "2606"]
[BlackElo "2470"]
[Annotator "TA"]
[PlyCount "102"]
[EventDate "2023.10.20"]
[EventType "team-tourn"]
[EventCountry "GER"]
[SourceTitle "playchess.com"]
[Source "ChessBase"]
[SourceQuality "1"]
[TimeControl "40/6000+30:3000+30"]

1. e4 e6 2. d4 d5 3. Nd2 Nf6 4. e5 Nfd7 5. c3 c5 6. f4 Nc6 7. Ndf3 Qb6 8. a3 $1 {[%emt 0:00:24][%mdl 4] is more profitable than 8.g3 at the moment.} a5 9. b3 {[%emt 0:00:44] C05: French Tarrasch: 3...Nf6 4 e5 Nfd7, 5 f4 and 5 Bd3 sidelines.} Be7 10. h4 Qc7 11. Be3 b6 12. Kf2 $5 $146 {[%emt 0:16:03][%mdl 8] An interesting novelty.} ({Predecessor:} 12. Nh3 cxd4 13. cxd4 Ndb8 14. Bd3 h5 15. Qc2 Qd7 16. f5 exf5 17. Nf4 Ra7 18. O-O {½-½ Motwani,P (2505)-Dgebuadze,A (2550) BEL-chT 0001 2000 (9)}) 12... Bb7 13. Bd3 h6 14. Ne2 O-O-O 15. h5 f6 16. Kg1 Rhf8 (16... c4 $142) 17. Rh3 fxe5 (17... c4 $16) 18. fxe5 $18 (18. dxe5 Kb8) (18. Nxe5 $6 Bd6 $16) 18... Ndxe5 19. dxe5 Nxe5 20. Nxe5 Qxe5 21. Qd2 d4 22. cxd4 cxd4 23. Rc1+ Bc5 $2 (23... Kb8 {is a better defense.} 24. Bf4 Rxf4 25. Qxf4 Qxf4 26. Nxf4 e5) 24. Bf4 $18 Qd5 25. Rg3 e5 26. Bxe5 Qxe5 27. b4 axb4 28. axb4 Rd7 (28... Rd5 $142 29. bxc5 bxc5) 29. bxc5 $18 bxc5 30. Qa5 Rc7 31. Ba6 Rf5 (31... Bxa6 $142 32. Qxa6+ Kd7) 32. Bxb7+ Rxb7 33. Qa8+ Kc7 34. Qa5+ $2 ({White should play} 34. Qa6 $18 {[%cal Oc1c5] White wants to mate with Rxc5+!} Rb2 35. Qa5+ Kb7 36. Ra3 (36. Re1 Rb4 $18)) 34... Kd7 $2 (34... Kc8 $11 35. Rf3 Rxf3) 35. Qa6 $18 Rc7 36. Qg6 (36. Rb1 $142) 36... Rg5 $18 37. Qf7+ Kc6 38. Rxg5 hxg5 39. Qf3+ Kd7 40. Kh1 Ke7 41. Ng3 Kd7 42. Nf5 Rc6 43. Nxd4 Qxd4 44. Rd1 Rd6 45. Rxd4 cxd4 46. Qf7+ Kc6 47. Qxg7 d3 48. Qc3+ (48. Qxg5 d2 49. Kh2 d1=Q $19 (49... d1=R $2 {perishes.} 50. h6 $18)) 48... Kb5 49. Qd2 Kc4 50. Kg1 g4 51. Kf2 Kd5 1-0

[Event "German Bundesliga 2023-24"]
[Site "Germany"]
[Date "2024.02.23"]
[Round "9.37"]
[White "Hausrath, Daniel"]
[Black "Ganguly, Surya Shekhar"]
[Result "1/2-1/2"]
[ECO "A30"]
[WhiteElo "2462"]
[BlackElo "2578"]
[Annotator "TA"]
[PlyCount "42"]
[EventDate "2023.10.20"]
[EventType "team-tourn"]
[EventCountry "GER"]
[SourceTitle "playchess.com"]
[Source "ChessBase"]
[SourceQuality "1"]
[TimeControl "40/6000+30:3000+30"]

1. Nf3 Nf6 2. g3 c5 3. c4 Nc6 4. Bg2 d5 5. cxd5 Nxd5 6. d4 cxd4 7. Nxd4 Ndb4 8. Nxc6 Qxd1+ 9. Kxd1 Nxc6 10. Bxc6+ bxc6 11. Be3 {[%emt 0:00:07] The position is equal.} e5 12. Nc3 Be6 13. Kc2 Bf5+ 14. Kc1 a5 15. Na4 Rb8 16. Rd1 Rb4 17. b3 Rxa4 $1 18. bxa4 Ba3+ 19. Kd2 {[%emt 0:00:05] Bb6 is the strong threat.} Bb4+ 20. Kc1 {[%emt 0:00:07] [#] Kb2 would now be deadly.} Ba3+ {[%emt 0:03:11] This pair of bishops is nice.} 21. Kd2 Bb4+ {[%emt 0:00:05] An uneventful encounter.   Weighted Error Value: White=0.08 (flawless) /Black=0.05 (flawless) .  OK:         	White=2     	Black=3      Best:        	---       	Black=2      Strong:       	---       	Black=1} 1/2-1/2

[Event "German Bundesliga 2023-24"]
[Site "Germany"]
[Date "2024.02.23"]
[Round "9.38"]
[White "Nikolic, Predrag"]
[Black "Saltaev, Mihail"]
[Result "1-0"]
[ECO "D58"]
[WhiteElo "2531"]
[BlackElo "2441"]
[Annotator "TA"]
[PlyCount "74"]
[EventDate "2023.10.20"]
[EventType "team-tourn"]
[EventCountry "GER"]
[SourceTitle "playchess.com"]
[Source "ChessBase"]
[SourceQuality "1"]
[TimeControl "40/6000+30:3000+30"]

1. d4 d5 2. c4 e6 3. Nc3 Nf6 4. Bg5 Be7 5. e3 h6 6. Bh4 O-O 7. Nf3 b6 8. Rc1 Bb7 9. Bxf6 Bxf6 10. cxd5 exd5 11. Be2 Qe7 12. O-O Rd8 13. Re1 c5 14. dxc5 {[%emt 0:02:46] The position is equal.} bxc5 15. Qb3 c4 16. Qc2 a5 17. b3 cxb3 18. Qxb3 Qb4 19. Red1 Na6 20. Nb5 (20. Nxd5 $2 {perishes.} Rxd5 21. Nd4 Qxb3 22. axb3 Rdd8 $19) 20... Qxb3 21. axb3 Nb4 22. Nfd4 a4 23. Rc7 Bc8 24. bxa4 Rxa4 25. Rb1 {[%emt 0:01:17] [#] Bd1 is the strong threat.} Na6 26. Ra7 {[%emt 0:02:09] Threatens to win with Rc1.} Nc5 27. Rc1 Rxa7 ({Better is} 27... Bxd4 $1 $14 28. exd4 (28. Rxa4 Bxe3 29. fxe3 Nxa4 $15) 28... Nb3 29. Rxc8 Rxc8 30. Rxa4 Rc1+ 31. Bf1 Nd2 32. Ra8+ Kh7) 28. Nxa7 $18 {[%emt 0:00:09] A dynamic duo of knights.} Ba6 29. Rxc5 $2 {[%emt 0:03:21] [#]} ({White has to play} 29. Nac6 $18 Bxe2 30. Nxd8 (30. Rxc5 Bxd4 31. Nxd4 Bc4 $14) (30. Nxe2 Nb3 $14)) 29... Bxd4 $14 30. exd4 Bxe2 $18 {[%emt 0:00:16][%mdl 4096] Endgame. KRB-KRN} 31. Nc6 Re8 32. Rxd5 Bb5 33. Ne5 (33. Rxb5 $2 Re1#) 33... Bc6 34. Rc5 (34. Nxc6 $2 Re1#) 34... f6 35. Nd3 (35. Nxc6 $2 Re1#) 35... Be4 36. Nf4 g5 37. Nh5 Kf7 {[%emt 0:00:00] Weighted Error Value: White=0.17 (very precise) /Black=0.15 (very precise) .  Loses game:     	---       	Black=1      Missed win:     	White=1     	---        Inaccurate:     	White=1     	Black=1      OK:         	White=10    	Black=13     Best:        	White=1     	Black=3} 1-0

[Event "German Bundesliga 2023-24"]
[Site "Germany"]
[Date "2024.02.23"]
[Round "9.39"]
[White "Buckels, Valentin"]
[Black "Naumann, Alexander"]
[Result "1/2-1/2"]
[ECO "E11"]
[WhiteElo "2429"]
[BlackElo "2498"]
[Annotator "TA"]
[PlyCount "72"]
[EventDate "2023.10.20"]
[EventType "team-tourn"]
[EventCountry "GER"]
[SourceTitle "playchess.com"]
[Source "ChessBase"]
[SourceQuality "1"]
[TimeControl "40/6000+30:3000+30"]

1. d4 Nf6 2. c4 e6 3. Nf3 d5 4. g3 Bb4+ 5. Bd2 a5 6. Qc2 O-O 7. Bg2 c5 8. cxd5 cxd4 9. Nxd4 Qb6 {[%emt 0:00:16] White has an edge.} 10. e3 exd5 11. O-O Nc6 12. Nxc6 bxc6 13. Rc1 Rb8 14. Nc3 ({But not} 14. Qxc6 Qxc6 15. Rxc6 Bxd2 16. Nxd2 Rxb2 $11) 14... Bd7 15. Na4 Qa7 16. Bc3 Bxc3 17. Qxc3 Rb4 18. b3 Ne4 19. Bxe4 dxe4 20. Nc5 (20. Qc5 $142 Ra8 21. Qd6) 20... Bh3 $16 21. Qe5 {[%emt 0:05:20] Prevents Qe7.} Rb5 22. a4 ({Better is} 22. Rc2) 22... Rb4 23. Ra2 {[%emt 0:11:38] White is more active.} (23. Nxe4 $16 Rxb3 24. Nc5 (24. Rxc6 $2 Qb7 $19)) 23... f6 {[%emt 0:03:56] [#]} (23... h6 $11 {keeps the balance.}) 24. Qd6 ({White has to play} 24. Qh5 $1 $16 Bc8 25. Qe2) 24... Qf7 $11 25. Rd2 h6 26. Rd4 Rxd4 27. Qxd4 Qh5 28. Qd1 (28. Nxe4 $2 {is the wrong capture.} Qf3 29. Qc4+ Kh7 $19) 28... Qf5 29. Nb7 $1 Bg4 30. Qd6 Bf3 {[%emt 0:03:53] [#] ...Qh3 would now be deadly.} 31. Qxc6 (31. Rxc6 $2 {loses.} Qh3 32. Qe6+ Qxe6 33. Rxe6 Rc8 $19) 31... Kh7 (31... Rb8 $11 32. Qc4+ Kh8) 32. Qb5 $1 $14 Qh3 33. Qf1 {[%emt 0:00:04] Prevents Qg2+} Qh5 34. Qb5 {[%emt 0:00:30] Black must now prevent Qxh5.} Qh3 {[%emt 0:00:30] The position is equal.} 35. Qf1 {[%emt 0:00:02] Repels Qg2+} Qh5 36. Qb5 {[%emt 0:01:32] Strongly threatening Qxh5.} Qh3 {[%emt 0:00:29] Weighted Error Value: White=0.14 (very precise) /Black=0.13 (very precise) .  Mistake:       	White=4     	Black=2      Inaccurate:     	---       	Black=3      OK:         	White=11    	Black=14     Best:        	---       	Black=1      Strong:       	White=2     	---} 1/2-1/2